 Dungeon Crawl Stone Soup version 0.23.2-40-g277498a001 (webtiles) character file.

Game seed: 4598102060745140795

67 Exodus22XD the Slasher (level 3, 0/28 HPs)
             Began as a Demonspawn Gladiator on Sept 6, 2019.
             Slain by a hobgoblin
             ... wielding a +0 club
              (5 damage)
             ... on level 2 of the Dungeon.
             The game lasted 00:03:28 (1089 turns).

Exodus22XD the Slasher (Demonspawn Gladiator)       Turns: 1089, Time: 00:03:29

Health: 0/28       AC:  4    Str: 15    XL:     3   Next: 98%
Magic:  0/3        EV: 13    Int:  9    God:
Gold:   60         SH:  0    Dex: 14    Spells: 2/2 levels left

rFire    . . .     SeeInvis .   a - +0 long sword
rCold    . . .     Gourm    .   (no shield)
rNeg     . . .     Faith    .   e - +0 robe (curse)
rPois    .         Spirit   +   c - +0 helmet
rElec    .         Reflect  .   (no cloak)
rCorr    .         Harm     .   (no gloves)
MR       .....                  h - +0 pair of boots
Stlth    +++.......             (no amulet)
HPRegen  0.09/turn              (no ring)
MPRegen  0.08/turn              (no ring)

@: lethally poisoned (0 -> -3)
A: nightstalker 1, magic shield
a: no special abilities


You were on level 2 of the Dungeon.
You were not hungry.

You visited 1 branch of the dungeon, and saw 2 of its levels.

You collected 60 gold pieces.

Inventory:

Hand Weapons
 a - a +0 long sword (weapon)
 u - a +0 dagger
Missiles
 d - 3 throwing nets (quivered)
Armour
 b - a +0 leather armour
 c - a +0 helmet (worn)
 e - a cursed +0 robe (worn)
 h - a +0 pair of boots (worn)
Scrolls
 l - a scroll of enchant weapon {unknown}
 m - 2 scrolls of identify {unknown}
 p - a scroll of amnesia {unknown}
 t - a scroll of remove curse {unknown}
Potions
 g - a potion of lignification {unknown}
 j - 5 potions of curing {unknown}
 k - a potion of berserk rage {unknown}
 n - a potion of haste {unknown}
 o - a potion of mutation {unknown}
 q - a potion of flight {unknown}
 r - 2 potions of brilliance {unknown}
 s - a potion of invisibility {unknown}
 v - a potion of cancellation {unknown}
Comestibles
 f - 3 rations
 i - 4 chunks of flesh


   Skills:
 + Level 2.3 Fighting
 + Level 3.4 Long Blades
 + Level 1.8 Throwing
 * Level 1.0 Armour
 + Level 3.1 Dodging
 * Level 0.7 Stealth


You had 2 spell levels left.
You didn't know any spells.
Your spell library was empty.

Dungeon Overview and Level Annotations

Branches:
Dungeon (2/15)

Altars:
Okawaru


Innate Abilities, Weirdness & Mutations

You are slightly more attuned to the shadows.
When hurt, damage is shared between your health and your magic reserves.


Message History

The adder is almost dead.
The hobgoblin hits you with a +0 club. The adder barely misses you.
The hobgoblin barely misses you.
You are too injured to fight recklessly!
You are too injured to fight recklessly!
The adder barely misses you.
You riposte.
You miss the adder.
The adder is almost dead.
The adder bites you.
You are poisoned.
The adder poisons you!
You feel sick.
Found a stone staircase leading down.
You slash the adder!
You kill the adder!
The hobgoblin hits you with a +0 club.
You closely miss the hobgoblin.
You feel sick. The hobgoblin hits you with a +0 club.
* * * LOW HITPOINT WARNING * * *
You barely miss the hobgoblin. The hobgoblin hits you with a +0 club.
You die...

... .....#####
##........# ...
#+#.....
#.....#...# ...
..?. #.....#####
... .... #.....+
...
....###.....# .#
#..!......# .#
.####....##+#.#.
.#
.......g.##+#...
.#
......@.........
##
......###.......
..!.............
....####........
>..# #........
.. ... ##.....##
... .. #.....#
... #.....# .##


You could see a hobgoblin.

Vanquished Creatures
  2 adders (D:2)
  An ooze (D:2)
  2 dart slugs (D:1)
  A leopard gecko (D:1)
  4 giant cockroaches
  4 goblins (D:1)
  2 hobgoblins
  7 jackals (D:1)
  4 kobolds (D:1)
  A bat (D:2)
  A frilled lizard (D:2)
  7 rats
36 creatures vanquished.

Notes
Turn   | Place    | Note
-------+----------+-------------------------------------------
     0 | D:1      | Exodus22XD the Demonspawn Gladiator began the quest for the
                  | Orb.
     0 | D:1      | Reached XP level 1. HP: 16/16 MP: 1/1
   240 | D:1      | Gained mutation: You are slightly more attuned to the
                  | shadows. [demonic ancestry]
   240 | D:1      | Reached XP level 2. HP: 19/22 MP: 2/2
   692 | D:1      | Gained mutation: When hurt, damage is shared between your
                  | health and your magic reserves. [demonic ancestry]
   692 | D:1      | Reached XP level 3. HP: 27/27 MP: 3/3
   953 | D:2      | Reached skill level 1 in Armour
   997 | D:2      | Found a faded altar of an unknown god.
  1030 | D:2      | Found an iron altar of Okawaru.
  1089 | D:2      | Slain by a hobgoblin

Skill      XL: |  1  2  3 |
---------------+----------+-----
Dodging        | 3 |  3.1
Long Blades    | 3 |  3.4
Armour         | 1 |  1.0
Fighting       | |  2.3
Throwing       | |  1.8
Stealth        | |  0.7

Action                   || total
-------------------------++-------
Melee: Long sword        ||    87
 Stab: Sleeping          ||     5
  Eat: Chunk             ||     1
Armor: Robe              ||    27
Dodge: Dodged            ||    82
       Rpst.: Long sword ||    24
